 Dungeon Crawl Stone Soup version 0.29-a0-22-gbf593b16ee (webtiles) character file.

Game seed: 3011230140212126039

51 avis the Ruffian (level 3, 0/31 HPs)
             Began as a Hill Orc Transmuter on Jan 30, 2022.
             Slain by a gnoll (5 damage)
             ... on level 3 of the Dungeon.
             The game lasted 00:08:48 (2403 turns).

avis the Ruffian (Hill Orc Transmuter)              Turns: 2403, Time: 00:08:49

Health: 0/31       AC:  2    Str: 12    XL:     3   Next: 83%
Magic:  3/5        EV: 12    Int: 15    God:
Gold:   50         SH:  0    Dex: 11    Spells: 1/5 levels left

rFire   . . .      SeeInvis .     - Unarmed
rCold   . . .      Faith    .   (no shield)
rNeg    . . .      Spirit   .   a - +0 robe
rPois   .          Reflect  .   (helmet currently unavailable)
rElec   .          Harm     .   (no cloak)
rCorr   .          Rampage  .   (no gloves)
Will    .....                   (boots currently unavailable)
Stlth   +.........              (no amulet)
HPRegen 0.10/turn               (no ring)
MPRegen 0.09/turn               (no ring)

@: appendages (expiring), very slightly contaminated
A: horns 2, talons 2
a: End Transformation


You were on level 3 of the Dungeon.
You had temporarily grown beastly horns and talons.
You visited 1 branch of the dungeon, and saw 3 of its levels.

You collected 50 gold pieces.

Inventory:

Hand Weapons
 f - a +1 short sword of draining
Missiles
 b - 32 bolts
 c - 2 javelins
Armour
 a - a +0 robe (worn)
Scrolls
 d - 2 scrolls of teleportation {unknown}
 e - a scroll of vulnerability {unknown}


   Skills:
 - Level 3.0 Fighting
 - Level 2.0 Dodging
 * Level 4.0 Unarmed Combat
 - Level 1.5 Spellcasting
 - Level 1.3 Transmutations


You had one spell level left.
You knew the following spells:

 Your Spells              Type           Power      Damage    Failure   Level
a - Beastly Appendage     Tmut           10%        N/A       13%         1
p - Spider Form           Tmut/Pois      3%         N/A       45%         3

Your spell library contained the following spells:

 Spells                   Type           Power      Damage    Failure   Level
 Wereblood                Tmut           5%         N/A       21%         2
 Inner Flame              Hex/Fire       1%         N/A       56%         3
 Ice Form                 Ice/Tmut       3%         N/A       86%         4
 Cause Fear               Hex            0%         N/A       93%         4
 Discord                  Hex            0%         N/A       100%        8


Dungeon Overview and Level Annotations

Branches:
Dungeon (3/15)

Altars:

Shops:
D:1 *   D:2 (


Innate Abilities, Weirdness & Mutations

You have temporarily grown beastly horns and talons.


Message History

You feel sick.
You start resting.
You feel sick. x3
Your transformation is almost over.
You feel sick.
You start resting.
You feel sick.
You are no longer poisoned.
You start resting.
Magic restored.
You start resting.
Your horns disappear.
Your talons disappear.
You start resting.
A gnoll opens the door.
It is wielding a +0 flail.
Casting: Beastly Appendage (safe; 13% risk of failure)
Confirm with . or Enter, or press ? or * to list all spells.
You miscast Beastly Appendage.
You are very lightly contaminated with residual magic.
Nothing appears to happen.
The gnoll shouts!
Casting: Beastly Appendage (safe; 13% risk of failure)
Confirm with . or Enter, or press ? or * to list all spells.
You grow a pair of large bovine horns.
Your feet morph into talons.
The gnoll barely misses you.
You hit the gnoll. Your kick misses the gnoll.
The gnoll is moderately wounded.
The gnoll hits you with a +0 flail!
You hit the gnoll. You claw the gnoll.
The gnoll is severely wounded.
The gnoll closely misses you.
You hit the gnoll but do no damage. You headbutt the gnoll.
The gnoll is severely wounded.
The gnoll closely misses you.
You closely miss the gnoll. You headbutt the gnoll.
The gnoll is almost dead.
Your transformation is almost over.
The gnoll hits you with a +0 flail!
* * * LOW HITPOINT WARNING * * *
You hit the gnoll but do no damage. Your kick misses the gnoll.
The gnoll is almost dead.
The gnoll hits you with a +0 flail.
You die...

#.# #.# #.# +#
##.# # .). #...
####.#.... #..#
#......... #...
#.##†..... #..<
#†@g......
+.....
..$....##......
###... ###.#.##
..... ###. # #.
.... ## .. ...
# ... '# # .#..
# ..


You could see a gnoll.

Vanquished Creatures
  An adder (D:3)
  2 worms
  A dart slug (D:2)
  4 endoplasms (D:1)
  A giant cockroach (D:1)
  3 goblins
  5 hobgoblins
  5 kobolds
  2 quokkas
  3 ball pythons
  3 frilled lizards (D:2)
  2 rats
32 creatures vanquished.

Notes
Turn   | Place    | Note
-------+----------+-------------------------------------------
     0 | D:1      | avis the Hill Orc Transmuter began the quest for the Orb.
     0 | D:1      | Reached XP level 1. HP: 16/16 MP: 3/3
   211 | D:1      | Reached XP level 2. HP: 9/25 MP: 2/4
   609 | D:1      | Found Xaorouw's Assorted Antiques.
  1115 | D:1      | Found a faded altar of an unknown god.
  1505 | D:2      | Found Ruasophe's Weapon Emporium.
  1532 | D:2      | Reached XP level 3. HP: 31/31 MP: 3/5
  1536 | D:2      | Learned a level 3 spell: Spider Form
  1994 | D:2      | Reached skill level 4 in Unarmed Combat
  2403 | D:3      | Slain by a gnoll

Illustrated notes

Levels and vault maps discovered:
D:1:      mrwooster_arrival_arrow, layout_basic,
          dreamdust_ecumenical_altar_angels_and_demons, serial_shops, shop
D:2:      layout_basic, serial_shops, shop, minivault_26
D:3:      kennysheep_six_static_rooms, layout_loops_corners, minitemple,
          chequers_serial_rivers_micro_d, minmay_hedge_maze

Skill      XL: |  1  2  3 |
---------------+----------+-----
Fighting       | 2 3 |  3.0
Unarmed Combat | 4 |  4.0
Dodging        | 2 |  2.0
Spellcasting   | |  1.5
Transmutations | |  1.3

Action                   || total
-------------------------++-------
Melee: Unarmed           ||    86
       Kick              ||    18
       Headbutt          ||    13
       Punch             ||     4
 Cast: Beastly Appendage ||    32
 Stab: Sleeping          ||     1
Armor: Robe              ||     4
Dodge: Dodged            ||    35

Table legend: (Time is in decaauts)
 A = Elapsed time spent in this place.
 B = Non-inter-level travel time spent in this place.
 C = Inter-level travel time spent in this place.
 D = Time resting spent in this place.
 E = Time spent auto-exploring this place.
 F = Levels seen in this place.
 G = Mean time per level.
                   A        B        C        D        E       F      G
               +--------+--------+--------+--------+--------+-----+--------+
         Total |   2403 |   2179 |    224 |    648 |   1202 |   3 |  801.0 |
       Dungeon |   2403 |   2179 |    224 |    648 |   1202 |   3 |  801.0 |
               +--------+--------+--------+--------+--------+-----+--------+

Top non-repeatable levels by time:
     D:1: 1322 daAuts
     D:2: 947 daAuts
     D:3: 133 daAuts
